 Dungeon Crawl Stone Soup version 0.21.1-1-g345015f (webtiles) character file.

109 inc the Sneak (level 4, -5/27 HPs)
             Began as an Octopode Enchanter on Apr 23, 2018.
             Slain by a centaur zombie (8 damage)
             ... on level 3 of the Dungeon.
             The game lasted 00:02:05 (2116 turns).

inc the Sneak (Octopode Enchanter)                  Turns: 2116, Time: 00:02:05

Health: -5/27      AC:  1    Str:  7    XL:     4   Next: 90%
Magic:  7/7        EV: 13    Int: 18    God:
Gold:   56         SH:  0    Dex: 12    Spells: 6/7 levels left

rFire    . . .     SeeInvis .   a - +1 dagger
rCold    . . .     Gourm    .   (no shield)
rNeg     . . .     Faith    .   (helmet restricted)
rPois    .         Spirit   .   (no amulet)
rElec    .         Reflect  .   (no ring)
rCorr    .         Harm     .   (no ring)
MR       .....                  (no ring)
Stlth    ++++......             (no ring)
HPRegen  0.09/turn              (no ring)
MPRegen  0.10/turn              (no ring)
                                (no ring)
                                (no ring)

@: no status effects
A: almost no armour, stealthy swim, amphibious, 8 rings, constrict 8, camouflage
1, gelatinous body 1
a: no special abilities


You were on level 3 of the Dungeon.
You were hungry.

You visited 1 branch of the dungeon, and saw 3 of its levels.

You collected 56 gold pieces.

Inventory:

Hand Weapons
 a - a +1 dagger (weapon)
Jewellery
 l - an uncursed amulet of faith {unknown}
Scrolls
 d - a scroll of fog {unknown}
 e - 3 scrolls of remove curse {unknown}
 f - 2 scrolls of identify {unknown}
 g - 2 scrolls of teleportation {unknown}
 k - 2 scrolls of fear {unknown}
Potions
 h - a potion of mutation {unknown}
 i - 2 potions of flight {unknown}
 j - a potion of agility {unknown}
Books
 b - a book of Maledictions

   Spells                             Type                      Level
   a - Corona                         Hexes                        1
   b - Ensorcelled Hibernation        Hexes/Ice                    2
   c - Confuse                        Hexes                        3
   d - Tukima's Dance                 Hexes                        3
   e - Dazzling Spray                 Conjuration/Hexes            3
Comestibles
 c - 5 rations


   Skills:
 + Level 4.2 Short Blades
 - Level 2.0 Dodging
 - Level 4.6 Stealth
 - Level 2.0 Spellcasting
 - Level 3.0 Hexes


You had 6 spell levels left.
You knew the following spells:

 Your Spells              Type           Power        Failure   Level  Hunger
a - Corona                Hex            ##.....      5%          1    #......


Dungeon Overview and Level Annotations

Branches:
Dungeon (3/15)

Altars:
Ashenzari


Innate Abilities, Weirdness & Mutations

You cannot wear most types of armour.
You are very stealthy in the water. (Stealth+)
You are amphibious.
You can wear up to eight rings at the same time.
You can use your tentacles to constrict eight enemies at once.
Your skin changes colour to match your surroundings (Stealth+).
Your rubbery body absorbs attacks. (AC +1, EV +1)


Message History

The centaur zombie is moderately damaged.
The centaur zombie hits you!
You hit the centaur zombie but do no damage.
The centaur zombie is moderately damaged.
The centaur zombie closely misses you.
You hit the centaur zombie but do no damage.
The centaur zombie is moderately damaged.
The centaur zombie barely misses you.
You hit the centaur zombie.
The centaur zombie is moderately damaged.
The centaur zombie hits you!
You hit the centaur zombie.
The centaur zombie is heavily damaged.
The centaur zombie closely misses you.
You hit the centaur zombie but do no damage.
The centaur zombie is heavily damaged.
The centaur zombie hits you!
* * * LOW HITPOINT WARNING * * *
The centaur zombie hits you!
You die...

#.# ## #.# ### .# #.#
#... ## ######.#
..... # #....#.#
.[... # #....#.#
...... #....#.#
#......
#####......###...8..#
#......^...@Z.+
#.###....###### #.#
#......# #.# #....#.#
# #.# #....#.# # #.#
###### # # #.#
######.# .......#


You could see a centaur zombie.

Vanquished Creatures
  Jessica (D:2)
  3 adders (D:2)
  A worm (D:2)
  2 dart slugs (D:1)
  2 leopard geckos
  3 bats
  3 giant cockroaches
  4 hobgoblins
  9 jackals
  6 kobolds
  2 ball pythons (D:1)
  3 frilled lizards (D:2)
  4 goblins
  5 rats
48 creatures vanquished.

Notes
Turn   | Place    | Note
-------+----------+-------------------------------------------
     0 | D:1      | inc the Octopode Enchanter began the quest for the Orb.
     0 | D:1      | Reached XP level 1. HP: 11/11 MP: 3/3
   257 | D:1      | Reached XP level 2. HP: 17/17 MP: 5/5
   400 | D:1      | Reached XP level 3. HP: 8/21 MP: 6/6
  1141 | D:2      | Found a shattered altar of Ashenzari.
  1369 | D:2      | Noticed Jessica
  1390 | D:2      | Killed Jessica
  1390 | D:2      | Reached XP level 4. HP: 22/27 MP: 7/7
  2116 | D:3      | Slain by a centaur zombie

Skill      XL: |  1  2  3  4 |
---------------+-------------+-----
Short Blades   | 2 3 4 |  4.2
Dodging        | |  2.0
Stealth        | |  4.6
Spellcasting   | |  2.0
Hexes          | |  3.0

Action                   |  1- 3 |  4- 6 || total
-------------------------+-------+-------++-------
Melee: Dagger            |    71 |    39 ||   110
       Constrict         |    20 |     7 ||    27
       Tentacles         |    18 |     4 ||    22
 Stab: Sleeping          |     7 |     7 ||    14
  Eat: Chunk             |     1 |     2 ||     3
Armor: Skin              |     2 |     1 ||     3
Dodge: Dodged            |    31 |    23 ||    54
